 Dungeon Crawl Stone Soup version 0.21.1-1-g345015f (webtiles) character file.

93 shakethe the Covered (level 4, -10/28 HPs)
             Began as a Gargoyle Fighter on Feb 10, 2018.
             Mangled by an ogre
             ... wielding a +0 giant club
              (24 damage)
             ... on level 3 of the Dungeon.
             The game lasted 00:03:54 (1885 turns).

shakethe the Covered (Gargoyle Fighter)             Turns: 1885, Time: 00:03:55

Health: -10/28     AC: 10    Str: 19    XL:     4   Next: 62%
Magic:  4/4        EV:  7    Int:  9    God:
Gold:   105        SH:  9    Dex: 10    Spells: 3/3 levels left

rFire    . . .     SeeInvis .   a - +0 flail
rCold    . . .     Gourm    .   c - +0 shield
rNeg     + . .     Faith    .   b - +0 scale mail
rPois    ∞         Spirit   .   (no helmet)
rElec    +         Reflect  .   (no cloak)
rCorr    .         Harm     .   (no gloves)
MR       .....                  (no boots)
Stlth    ..........             (no amulet)
HPRegen  0.09/turn              (no ring)
MPRegen  0.09/turn              (no ring)

@: no status effects
A: negative energy resistance 1, electricity resistance, unbreathing,
petrification resistance, rot immunity, AC +3
a: no special abilities


You were on level 3 of the Dungeon.
You were not hungry.

You visited 1 branch of the dungeon, and saw 3 of its levels.

You collected 105 gold pieces.

Inventory:

Hand Weapons
 a - a +0 flail (weapon)
Armour
 b - a +0 scale mail (worn)
 c - a +0 shield (worn)
Scrolls
 h - a scroll of immolation {unknown}
 i - 2 scrolls of identify {unknown}
 j - 2 scrolls of remove curse {unknown}
 l - a scroll of enchant weapon {unknown}
 m - a scroll of magic mapping {unknown}
 n - a scroll of teleportation {unknown}
Potions
 d - a potion of might
 e - a potion of flight {unknown}
 g - a potion of berserk rage {unknown}
 k - 2 potions of heal wounds {unknown}
 o - a potion of agility {unknown}
 q - a potion of curing {unknown}
Comestibles
 f - 4 rations
 p - a chunk of flesh {@w0}


   Skills:
 - Level 3.2 Fighting
 * Level 3.6 Maces & Flails
 + Level 4.0 Armour
 + Level 4.0 Shields


You had 3 spell levels left.
You didn't know any spells.

Dungeon Overview and Level Annotations

Branches:
Dungeon (3/15)

Altars:


Innate Abilities, Weirdness & Mutations

You are resistant to torment.
Your stone body is resilient. (AC +3)
You are immune to poison.
You resist negative energy. (rN+)
You are resistant to electric shocks. (rElec)
You can survive without breathing.
You are immune to petrification.
You are immune to rotting.


Message History

You thump the rat!
You kill the rat!
No target in view!
No target in view!
No target in view!
No target in view!
No target in view!
Found a stone staircase leading up.
No target in view!
No target in view!
No target in view!
No target in view!
No target in view!
No target in view!
No target in view!
No target in view!
No target in view!
No target in view!
No target in view!
No target in view!
No target in view!
No target in view!
An adder comes into view.
You miss the adder. The adder bites you but does no damage.
The adder barely misses you.
You miss the adder. The adder barely misses you. You block the adder's attack.
You sock the adder! You block the adder's attack. x2
You hit the adder.
You kill the adder!
Your Armour skill increases to level 4!
Your Shields skill increases to level 4!
No target in view!
No target in view!
No target in view!
No target in view!
No target in view!
No target in view!
No target in view!
No target in view!
No target in view!
No target in view!
No target in view!
No target in view!
A kobold comes into view.
The kobold shouts!
The kobold throws a stone.
You block the stone.
The kobold throws a stone.
You block the stone.
You see here a stone.
The kobold throws a stone.
You block the stone.
You see here a stone.
The kobold throws a stone.
The stone completely misses you. The kobold hits you but does no damage.
You hit the kobold.
You kill the kobold!
No target in view!
No target in view!
No target in view!
No target in view!
No target in view!
No target in view!
No target in view!
No target in view!
No target in view!
No target in view!
No target in view!
No target in view!
No target in view!
No target in view!
No target in view!
q - an amethyst potion No target in view!
No target in view!
No target in view!
No target in view!
No target in view!
No target in view!
No target in view!
No target in view!
No target in view!
No target in view!
No target in view!
No target in view!
No target in view!
No target in view!
A hobgoblin and a kobold come into view.
The hobgoblin shouts!
A hobgoblin and an ogre come into view.
The ogre shouts!
The hobgoblin moves out of view.
You hit the ogre. The ogre hits you with a giant club!
Ouch! That really hurt!
The hobgoblin hits you but does no damage.
You take 15 damage, and have 13/28 hp.
MASSIVE DAMAGE!!
You sock the kobold!
You kill the kobold!
You hit the ogre. The ogre hits you but does no damage.
You barely miss the ogre. The ogre hits you with a giant club!!
Ouch! That really hurt!
You die...

....# ..................#
###.# #..................#
#.###..................###
#...(...........!....!...
####(........ ......).#
#...(......# #...#.#
#.##.......# #....#
#.##......## #####..###..
#...†......# #@Ogg........
####.......# #.###.....###
#.......###.#########
#######.......# #########


You could see an ogre and 2 hobgoblins.

Vanquished Creatures
  4 adders
  2 dart slugs
  2 leopard geckos
  A giant cockroach (D:1)
  8 goblins
  3 hobgoblins
  3 jackals (D:2)
  8 kobolds
  A ball python (D:2)
  7 bats
  5 frilled lizards
  11 rats
55 creatures vanquished.

Notes
Turn   | Place    | Note
-------+----------+-------------------------------------------
     0 | D:1      | shakethe the Gargoyle Fighter began the quest for the Orb.
     0 | D:1      | Reached XP level 1. HP: 14/14 MP: 1/1
    48 | D:1      | Reached XP level 2. HP: 17/19 MP: 2/2
   545 | D:1      | Reached XP level 3. HP: 23/23 MP: 3/3
   765 | D:2      | Reached skill level 3 in Maces & Flails
  1162 | D:2      | Reached XP level 4. HP: 28/28 MP: 4/4
  1847 | D:3      | Reached skill level 4 in Armour
  1847 | D:3      | Reached skill level 4 in Shields
  1875 | D:3      | Noticed an ogre
  1885 | D:3      | Mangled by an ogre

Skill      XL: |  1  2  3  4 |
---------------+-------------+-----
Maces & Flails | 3 |  3.6
Armour         | 4 |  4.0
Shields        | 4 |  4.0
Fighting       | |  3.2

Action                   |  1- 3 |  4- 6 || total
-------------------------+-------+-------++-------
Melee: Flail             |   106 |    54 ||   160
  Eat: Chunk             |       |     3 ||     3
Armor: Scale mail        |    53 |    34 ||    87
Dodge: Dodged            |    37 |    21 ||    58
Block: Shield            |    67 |    30 ||    97

Vault maps used:
D:1:      saegor_arrival_simple_c, kennysheep_decorative_pillar
D:2:      first_ration
D:3:      cheibrodos_thug_alley

Table legend:
 A = Turns spent in this place as a percentage of turns spent in the entire game.
 B = Non-inter-level travel turns spent in this place as a percentage of non-inter-level travel turns spent in the entire game.
 C = Inter-level travel turns spent in this place as a percentage of turns spent in this place.
 D = Turns resting spent in this place as a percentage of non-inter-level travel turns spent in this place.
 E = Turns spent auto-exploring this place as a percentage of non-inter-level travel turns spent in this place.
 F = Non-inter-level travel turns spent in this place divided by the number of levels of this place that you've seen.
                   A       B       C       D       E      F
               +-------+-------+-------+-------+-------+----------------------
         Total | 100.0 | 100.0 |   0.0 |   6.4 |  65.9 | 628.3
       Dungeon | 100.0 | 100.0 |   0.0 |   6.4 |  65.9 | 628.3
               +-------+-------+-------+-------+-------+----------------------

Table legend:
 A = Kills in this place as a percentage of kills in entire the game.
 B = Kills by you in this place as a percentage of kills by you in the entire game.
 C = Kills by friends in this place as a percentage of kills by friends in the entire game.
 D = Other kills in this place as a percentage of other kills in the entire game.
 E = Experience gained in this place as a percentage of experience gained in the entire game.
 F = Experience gained in this place divided by the number of levels of this place that you have seen.
                   A       B       C       D       E      F
               +-------+-------+-------+-------+-------+----------------------
         Total | 100.0 | 100.0 |   N/A |   N/A | 100.0 |  44.7
       Dungeon | 100.0 | 100.0 |   N/A |   N/A | 100.0 |  44.7
               +-------+-------+-------+-------+-------+----------------------
